 Dungeon Crawl Stone Soup version 0.27-a0-1416-g941b2bd30b (webtiles) character file.

Game seed: 2749737359398406936

941 tsouns the Skirmisher (level 7, -16/60 HPs)
             Began as a Demonspawn Delver on July 2, 2021.
             Was an Elder of Jiyva.
             Demolished by Maurice (22 damage)
             ... on level 8 of the Dungeon.
             The game lasted 00:12:22 (9016 turns).

tsouns the Skirmisher (Demonspawn Delver)           Turns: 9016, Time: 00:12:22

Health: -16/60     AC:  9    Str: 16    XL:     7   Next: 88%
Magic:  7/7        EV: 11    Int:  9    God:    Jiyva [****..]
Gold:   162        SH:  3    Dex: 15    Spells: 6/6 levels left

rFire    + . .     SeeInvis .   a - +0 hand axe
rCold    + . .     Faith    .   p - +0 buckler
rNeg     . . .     Spirit   .   d - +1 leather armour {rF+}
rPois    +         Reflect  .   (no helmet)
rElec    .         Harm     .   q - +2 cloak
rCorr    +         Rampage  .   s - +1 pair of gloves
Will     .....                  (no boots)
Stlth    +++.......             (no amulet)
HPRegen  0.20/turn              i - ring of wizardry
MPRegen  0.10/turn              n - ring of poison resistance

@: no status effects
A: claws 2, demonic guardian 2, cold resistance 1, sturdy frame 1
a: Renounce Religion, Request Jelly, Slimify


You were on level 8 of the Dungeon.
You worshipped Jiyva.
Jiyva was greatly pleased with you.
You visited 1 branch of the dungeon, and saw 8 of its levels.

You collected 162 gold pieces.

Inventory:

Hand Weapons
 a - a +0 hand axe (weapon)
Missiles
 b - 13 poisoned darts (quivered)
Armour
 d - a +1 leather armour of fire resistance (worn)
 l - a scarf of shadows
 p - a +0 buckler (worn)
 q - a +2 cloak (worn)
 s - a +1 pair of gloves (worn)
Jewellery
 i - a ring of wizardry (left hand)
 n - a ring of poison resistance (right hand)
Wands
 f - a wand of flame (18)
 g - a wand of digging (3)
Scrolls
 c - a scroll of fog
 e - a scroll of fear
 h - 3 scrolls of teleportation
 m - a scroll of torment
Potions
 j - a potion of cancellation
 o - a potion of brilliance
 r - a potion of curing


   Skills:
 + Level 7.1 Fighting
 + Level 6.1 Axes
 - Level 1.7 Dodging
 - Level 4.5 Stealth


You had 6 spell levels left.
You didn't know any spells.
Your spell library contained the following spells:

 Spells                   Type           Power      Damage    Failure   Level
 Sandblast                Erth           0%         2d4       26%         1
 Passwall                 Tmut/Erth      0%         N/A       38%         2
 Frozen Ramparts          Ice            0%         1d2       61%         3
 Ice Form                 Ice/Tmut       0%         N/A       93%         4
 Summon Ice Beast         Ice/Summ       0%         N/A       93%         4
 Lee's Rapid Deconstruct  Erth           0%         3d5*      99%         5


Dungeon Overview and Level Annotations

Branches:
Dungeon (8/15)             Temple (0/1) D:6
   Lair: D:8-11

Altars:
Fedhas
Gozag
Zin
Jiyva

Shops:
D:6 [

Annotations:
D:5 3 runed translucent doors, antidepressant22's ghost, novice KoBe
D:8 Maurice


Innate Abilities, Weirdness & Mutations

You have very sharp fingernails.
A demonic guardian rushes to your aid.
Your flesh is cold resistant. (rC+)
Your movements are slightly less encumbered by armour. (ER -2)


Message History

Throw: 16 darts (poison)
Press: ? - help, Q - select action, (/) - cycle Shift-Dir - straight line, f - Maurice
Aim: Maurice, wielding a +1 short sword of distortion, wearing a +2 cloak and carrying a wand of paralysis (9) (asleep, 98% to hit)
You throw a poisoned dart. The poisoned dart hits Maurice.
Maurice is poisoned.
Maurice zaps a wand.
You suddenly lose the ability to move!
Maurice mumbles some strange words.
Maurice flickers and vanishes!
Deactivating autopickup; reactivate with Ctrl-A.
You hear a zap.
You shrug off the repeated paralysis!
You hear the slow hiss of a very distant avalanche of sand.
You can move again.
Unknown command.
Unknown command.
Aiming: Throw Flame
Press: ? - help, Shift-Dir - straight line, f - you The puff of flame hits something.
Aiming: Throw Flame
Press: ? - help, Shift-Dir - straight line, f - you
Aiming: Throw Flame
Press: ? - help, Shift-Dir - straight line, f - you The puff of flame hits something.
Something hits you.
Something steals your 2 scrolls of enchant armour!
Space bends around you.
You hit something but do no damage. Something hits you but does no damage.
You miss something.
You hear a zap.
Something tries to affect you, but you resist.
You barely miss something. Something hits you but does no damage.
Space warps horribly around you!!
You closely miss something. Something hits you!
Something steals 2 of your 15 poisoned darts!
Space warps horribly around you!
* * * LOW HITPOINT WARNING * * *
A demonic guardian appears!
You closely miss something. Something hits you.
* * * LOW HITPOINT WARNING * * *
Something steals 44 gold pieces!
You now have 162 gold pieces.
Space warps horribly around you!!
You die...

# ####. .# ..... .##
....# (.# #...# ..#
### #.# # #.# # ###
##.# ## ###.### #.@#
.## #.....####..##
#.####..###......4###
##..#..## ##........#
##...## ##....##....
##### ##.>## #...
#####...## ...
###....<...## ..
#..###..)...#


You could see a friendly hellwing (summoned).

Vanquished Creatures
  A necrophage (D:6)
  An ogre (D:5)
  A phantom (D:7)
  A killer bee (D:7)
  A bullfrog skeleton (D:5)
  A hound (D:5)
  An iguana (D:5)
  A hound zombie (D:5)
  A hound skeleton (D:5)
  A howler monkey skeleton (D:5)
  3 gnolls
  2 adders (D:2)
  An adder skeleton (D:4)
  A worm (D:3)
  A dart slug (D:1)
  7 orcs
  4 bats
  6 endoplasms
  4 goblins
  8 hobgoblins
  3 jackals (D:2)
  3 quokkas
  3 ball pythons
  3 frilled lizards
  9 kobolds
  5 rats
73 creatures vanquished.

Vanquished Creatures (collateral kills)
  An orc warrior (D:6)
  A black bear (D:7)
  2 ogres
  A centaur (D:8)
  2 killer bees (D:7)
  6 gnolls
  An orc (D:6)
  An endoplasm (D:2)
  A kobold (D:3)
16 creatures vanquished.

Vanquished Creatures (others)
  An ogre (D:4)
  10 jellies
  Blork the orc (D:5)
  A bullfrog (D:6)
  A water moccasin zombie (D:5)
  A scorpion (D:3)
  A killer bee (D:7)
  A wight (D:8)
  A howler monkey (D:6)
  3 hounds
  A centaur zombie (D:6)
  A bullfrog skeleton (D:5)
  2 iguanas
  A howler monkey zombie (D:7)
  5 gnolls
  2 adders
  An ufetubus (D:6)
  An adder skeleton (D:4)
  A worm (D:4)
  3 dart slugs (D:4)
  An endoplasm (D:3)
  14 orcs
  A ball python (D:4)
  A giant cockroach (D:3)
  4 goblins (D:3)
  2 hobgoblins (D:3)
  2 jackals (D:4)
  A kobold (D:3)
  A rat (D:3)
  2 plants (D:3)
  2 withered plants (D:2)
70 creatures vanquished.

Grand Total: 159 creatures vanquished

Notes
Turn   | Place    | Note
-------+----------+-------------------------------------------
     0 | D:5      | tsouns the Demonspawn Delver began the quest for the Orb.
     0 | D:5      | Reached XP level 1. HP: 18/18 MP: 1/1
    50 | D:5      | Noticed an ogre
   146 | D:3      | Noticed a hound
   147 | D:3      | Noticed a scorpion
   290 | D:2      | Gained mutation: A weak demonic guardian rushes to your
                  | aid. [demonic ancestry]
   290 | D:2      | Reached XP level 2. HP: 19/24 MP: 2/2
   800 | D:1      | Gained mutation: You have sharp fingernails. [demonic
                  | ancestry]
   800 | D:1      | Reached XP level 3. HP: 21/30 MP: 3/3
  1869 | D:2      | Reached skill level 4 in Fighting
  2152 | D:1      | Gained mutation: You have very sharp fingernails. [demonic
                  | ancestry]
  2152 | D:1      | Reached XP level 4. HP: 3/37 MP: 4/4
  2993 | D:2      | Found a faded altar of an unknown god.
  3020 | D:2      | Became a worshipper of Jiyva Joskatha the Shapeless
  3020 | D:2      | Reached * piety under Jiyva
  3122 | D:3      | Killed a scorpion
  3219 | D:3      | Reached ** piety under Jiyva
  4033 | D:4      | Found an opulent altar of Gozag.
  4079 | D:4      | Killed an ogre
  4135 | D:4      | Reached *** piety under Jiyva
  4845 | D:4      | Killed an ogre
  4846 | D:4      | Reached XP level 5. HP: 7/43 MP: 5/5
  5337 | D:5      | Noticed an ogre
  5486 | D:5      | Killed an ogre
  5487 | D:5      | Reached skill level 5 in Fighting
  5487 | D:5      | Reached XP level 6. HP: 51/51 MP: 6/6
  5699 | D:5      | Found a runed translucent gate.
  5699 | D:5      | Found a runed translucent gate.
  5699 | D:5      | Found a runed translucent gate.
  5699 | D:5      | Noticed antidepressant22's ghost (novice KoBe)
  5917 | D:5      | Killed Blork the orc
  6533 | D:6      | Reached skill level 6 in Fighting
  6533 | D:6      | Reached skill level 5 in Axes
  6533 | D:6      | Gained mutation: A demonic guardian rushes to your aid.
                  | [demonic ancestry]
  6533 | D:6      | Reached XP level 7. HP: 3/58 MP: 7/7
  6602 | D:6      | Gained mutation: Your flesh is cold resistant. (rC+)
                  | [Jiyva's grace]
  6785 | D:6      | Reached **** piety under Jiyva
  7191 | D:6      | Found a staircase to the Ecumenical Temple.
  7233 | D:6      | Found Urghog's Armour Shoppe.
  7256 | D:6      | Found a blossoming altar of Fedhas.
  7491 | D:7      | Gained mutation: Your movements are slightly less
                  | encumbered by armour. (ER -2) [Jiyva's grace]
  8902 | D:8      | Reached skill level 7 in Fighting
  9004 | D:8      | Noticed Maurice
  9005 | D:8      | Paralysed by Maurice for 4 turns
  9016 | D:8      | Demolished by Maurice

Illustrated notes

Levels and vault maps discovered:
D:1:      roderic_chinese_lattice_arrival, layout_rooms
D:2:      layout_basic, ebering_ecumenical_altar_petrified
D:3:      corexii_shack_village, layout_basic
D:4:      layout_rooms, grunt_temple_overflow_gold_and_silver
D:5:      layout_basic, gammafunk_ghost_nasty_kobolds, grunt_ministairs_6,
          supply_closet_lemuel, uniq_blork_the_orc
D:6:      layout_rooms, kennysheep_mini, minmay_temple_entry_antechambers,
          serial_shops, nicolae_shop_stone
D:7:      layout_layer_cave, hangedman_abyss_or_decor_slice
D:8:      layout_layer_cave, gup_ossuary_entry_pyramid,
          gammafunk_ghost_hydra_chop, uniq_maurice

Skill      XL: |  1  2  3  4  5  6  7 |
---------------+----------------------+-----
Axes           | 2 3 4 5 6 |  6.1
Fighting       | 4 5 6 7 |  7.1
Dodging        | |  1.7
Stealth        | |  4.5

Action                   |  1- 3 |  4- 6 |  7- 9 || total
-------------------------+-------+-------+-------++-------
Melee: Hand axe          |   160 |   214 |    57 ||   431
Throw: Dart              |       |     9 |     1 ||    10
Evoke: Wand              |       |       |     3 ||     3
  Use: Scroll            |     2 |     1 |     4 ||     7
       Potion            |       |       |     1 ||     1
 Stab: Sleeping          |     4 |     5 |     1 ||    10
       Distracted        |       |     1 |     2 ||     3
Armor: Leather armour    |    47 |    64 |    41 ||   152
Dodge: Dodged            |   101 |   128 |    46 ||   275
Block: Buckler           |       |    24 |    10 ||    34

Table legend: (Time is in decaauts)
 A = Elapsed time spent in this place.
 B = Non-inter-level travel time spent in this place.
 C = Inter-level travel time spent in this place.
 D = Time resting spent in this place.
 E = Time spent auto-exploring this place.
 F = Levels seen in this place.
 G = Mean time per level.
                   A        B        C        D        E       F      G
               +--------+--------+--------+--------+--------+-----+--------+
         Total |   9082 |   8861 |    221 |      0 |   7463 |   8 | 1135.2 |
       Dungeon |   9082 |   8861 |    221 |      0 |   7463 |   8 | 1135.2 |
               +--------+--------+--------+--------+--------+-----+--------+

Top non-repeatable levels by time:
     D:2: 1632 daAuts
     D:7: 1461 daAuts
     D:1: 1372 daAuts
     D:5: 1322 daAuts
     D:4: 1219 daAuts
     D:3: 1048 daAuts
     D:6: 865 daAuts
     D:8: 159 daAuts
